 Dungeon Crawl Stone Soup version 0.31.0-9-g3a7656b989 (webtiles) character file.

Game seed: 10271694468570905019

1 qw the Shooter (level 1, -2/17 HPs)
             Began as a Demigod Hunter on Feb 2, 2024.
             Slain by a goblin
             ... wielding a +0 club
              (4 damage)
             ... on level 1 of the Dungeon.
             The game lasted 00:00:00 (22 turns).

qw the Shooter (Demigod Hunter)                       Turns: 22, Time: 00:00:00

Health: -2/17      AC:  3    Str: 12    XL:     1   Next: 13%
Magic:  3/3        EV: 12    Int: 11    God:
Gold:   10         SH:  0    Dex: 17    Spells: 0/0 levels left

rFire   . . .        a - +0 shortbow
rCold   . . .        (shield currently unavailable)
rNeg    . . .        c - +0 leather armour
rPois   .            (no helmet)
rElec   .            (no cloak)
rCorr   .            (no gloves)
SInv    .            (no boots)
Will    .....        (no amulet)
Stlth   ++           (no ring)
HPRegen 0.22/turn    (no ring)
MPRegen 0.08/turn

%: no passive effects
@: no status effects
A: high MP 1, forlorn, divine attributes
a: no special abilities


You were on level 1 of the Dungeon.
You visited 1 branch of the dungeon, and saw 1 of its levels.

You collected 10 gold pieces.


Innate Abilities, Weirdness & Mutations

You have an increased reservoir of magic. (+10% MP)
You shall have no god before yourself.
Your divine heritage dramatically boosts your attributes as you level up.


   Skills:
 - Level 1.7 Fighting
 + Level 3.6 Ranged Weapons
 - Level 1.7 Dodging
 - Level 0.8 Stealth


You couldn't memorise any spells.
You didn't know any spells.
Your spell library was empty.

Inventory:

Hand Weapons
 a - a +0 shortbow (weapon)
Armour
 c - a +0 leather armour (worn)
Scrolls
 b - a scroll of butterflies

Dungeon Overview and Level Annotations

Branches:
Dungeon (1/15)


Message History

A hobgoblin and a goblin come into view.
Found 7 gold pieces.
The hobgoblin shouts!
You shoot an arrow. The arrow misses the goblin.
The goblin shouts!
The arrow hits the hobgoblin but does no damage.
You shoot an arrow. The arrow closely misses the hobgoblin.
You shoot an arrow. The arrow hits the goblin.
The goblin is moderately wounded.
You shoot an arrow.
The arrow hits the hobgoblin but does no damage.
The goblin barely misses you.
You shoot an arrow. The arrow barely misses the goblin.
A jackal comes into view.
You shoot an arrow. The arrow closely misses the hobgoblin.
The jackal barks!
The goblin hits you with a +0 club. The hobgoblin barely misses you.
You shoot an arrow. The arrow closely misses the hobgoblin.
The goblin hits you with a +0 club. The hobgoblin hits you.
A hobgoblin comes into view.
You shoot an arrow.
The arrow hits the hobgoblin but does no damage.
A jackal comes into view.
The goblin hits you but does no damage. The hobgoblin hits you.
The hobgoblin barely misses you. The goblin barely misses you.
The jackal moves out of view.
You shoot an arrow. The arrow hits the hobgoblin.
The hobgoblin is almost dead.
The goblin closely misses you. The hobgoblin hits you.
You shoot an arrow. The arrow closely misses the hobgoblin.
You hear a bark!
The goblin hits you but does no damage. The hobgoblin barely misses you.
You hear a bark!
You shoot an arrow. The arrow hits the hobgoblin.
You kill the hobgoblin!
The goblin barely misses you.
You shoot an arrow. The arrow barely misses the goblin.
You hear a bark!
The goblin hits you with a +0 club.
You die...

###.# #.+.#
#.#.# #.#.##
#.#..##
##.#...#
#<.'.#.#
##.#.#.#
#.#.#@#
#.#..g.......
#.##.....$...
#.+..#..>....
######.#.####
.#.# .# # .#


You could see a goblin.

Vanquished Creatures
  A hobgoblin (D:1)
1 creature vanquished.

Notes
Turn   | Place    | Note
-------+----------+-------------------------------------------
     0 | D:1      | qw the Demigod Hunter began the quest for the Orb.
     0 | D:1      | Reached XP level 1. HP: 17/17 MP: 3/3
     0 | D:1      | 0 ||| qw: Version: 0.3-a-155-g5e7d8dd
     0 | D:1      | 0 ||| qw: Game counter: 143
     0 | D:1      | 0 ||| qw: Melee chars always use a shield: true
     0 | D:1      | 0 ||| qw: God list: Okawaru
     0 | D:1      | 0 ||| qw: Allow faded altars: false
     0 | D:1      | 0 ||| qw: Do Orc after clearing Dungeon:15 true
     0 | D:1      | 0 ||| qw: Do second Lair branch before Depths: true
     0 | D:1      | 0 ||| qw: Lair rune preference: random
     0 | D:1      | 0 ||| qw: Goals: Normal
     0 | D:1      | 0 ||| PLANNING D:1-11
    18 | D:1      | HP: 4/17 [hobgoblin (4)]
    19 | D:1      | HP: 1/17 [hobgoblin (3)]
    22 | D:1      | Slain by a goblin

Levels and vault maps discovered:
D:1:      minmay_arrival_three_doors, layout_basic, minmay_hexomino_r4

Action                     || total
---------------------------++-------
   Fire: Shortbow          ||    12
 Armour: Leather armour    ||     8
  Dodge: Dodged            ||     7

Table legend:
 A = Non-vault XP
 B = Vault XP
 C = Vault XP percentage of total XP
 D = Non-vault monster count
 E = Vault monster count
 F = Vault count percentage of total count
                 A         B        C        D         E       F
            +---------+---------+-------+---------+---------+-------
      Total |       2 |       0 |   0.0 |       1 |       0 |   0.0
            +---------+---------+-------+---------+---------+-------
        D:1 |       2 |       0 |   0.0 |       1 |       0 |   0.0
            +---------+---------+-------+---------+---------+-------
